3L
PANAMA CITY PIRANHAS @ SEATTLE AVIATORS
09/14/2020
 
TOP OF THE 1ST
Panama City Piranhas batting - Pitching for Seattle Aviators : RHP Dustin Richmond
Pitching: RHP Dustin Richmond
Batting: RHB Cliff Dixon 0-0: Called Strike
0-1: Ball
1-1: Ball
2-1: Ball
3-1: Ground out 5-3 (Groundball, 5)
Batting: LHB Francisco Sánchez 0-0: Ball
1-0: Swinging Strike
1-1: Reached on error, E1 (Groundball, 15)
Batting: LHB Melvin Castro 0-0: Ball
1-0: Foul Ball, location: 2F
1-1: Foul Ball, location: 2F
1-2: Ball
2-2: Strikes out swinging
Batting: SHB Marc Talamante 0-0: Ball
1-0: Ball
2-0: Ball
3-0: Base on Balls
Francisco Sánchez to second
Batting: RHB Jeff Bass 0-0: Ball
1-0: Called Strike
1-1: Ball
2-1: Ball
3-1: Foul Ball, location: 2F
3-2: Fly out, F6 (Popup, 56D)
Top of the 1st over - 0 run(s), 0 hit(s), 1 error(s), 2 left on base; Panama City 0 - Seattle 0
BOTTOM OF THE 1ST
Seattle Aviators batting - Pitching for Panama City Piranhas : LHP Mike Benjamin
Pitching: LHP Mike Benjamin
Batting: RHB Tanyu Kimura 0-0: Swinging Strike
0-1: Ball
1-1: SINGLE (Flyball, 7S)
Batting: RHB Brian Williams 0-0: Ball
1-0: Foul Ball, location: 2F
1-1: Ball
2-1: Foul Ball, location: 2F
2-2: SINGLE (Line Drive, 6MD)
Tanyu Kimura to second
Batting: SHB Ernest Miller 0-0: Called Strike
0-1: Fly out, F9 (Flyball, 9M)
Batting: LHB Frank Wentworth 0-0: SINGLE (Flyball, 89S)
Tanyu Kimura to third
Brian Williams to second
Runner from 3rd tries for Home, throw and OUT!
Batting: LHB Phil Parkinson 0-0: Called Strike
0-1: Swinging Strike
0-2: Ball
1-2: Foul Ball, location: 2F
1-2: Ball
2-2: Ball
3-2: Base on Balls
Brian Williams to third
Frank Wentworth to second
Batting: RHB Kenzaburo Hori 0-0: Called Strike
0-1: Fly out, F8 (Flyball, 8RM)
Bottom of the 1st over - 0 run(s), 3 hit(s), 0 error(s), 3 left on base; Panama City 0 - Seattle 0
TOP OF THE 2ND
Panama City Piranhas batting - Pitching for Seattle Aviators : RHP Dustin Richmond
Batting: LHB Arturo Guzmán 0-0: Foul Ball, location: 2F
0-1: Swinging Strike
0-2: Ball
1-2: Foul Ball, location: 2F
1-2: Ball
2-2: Ground out U3 (Groundball, 3)
Batting: RHB Félix Rodríguez 0-0: Fly out, F9 (Flyball, 89D)
Batting: RHB Bertrand Sunter 0-0: Ball
1-0: Ball
2-0: Foul Ball, location: 2F
2-1: Foul Ball, location: 2F
2-2: Strikes out looking
Top of the 2nd over - 0 run(s), 0 hit(s), 0 error(s), 0 left on base; Panama City 0 - Seattle 0
BOTTOM OF THE 2ND
Seattle Aviators batting - Pitching for Panama City Piranhas : LHP Mike Benjamin
Batting: LHB Ramón García 0-0: Foul Ball, location: 2F
0-1: Called Strike
0-2: Foul Ball, location: 2F
0-2: Strikes out looking
Batting: RHB Craig Stewart 0-0: Ball
1-0: Foul Ball, location: 2F
1-1: Ball
2-1: Ball
3-1: Swinging Strike
3-2: Base on Balls
Batting: RHB Dustin Richmond 0-0: Ball
1-0: Called Strike
1-1: Reached on error, E3 (Groundball, 3S)
Craig Stewart to second
Batting: RHB Tanyu Kimura 0-0: Ball
1-0: SINGLE (Line Drive, 8LS)
Craig Stewart to third
Dustin Richmond to second
Runner from 3rd tries for Home, throw and OUT!
Dustin Richmond to third
Tanyu Kimura to second
Batting: RHB Brian Williams 0-0: Ball
1-0: Foul Ball, location: 2F
1-1: Fly out, F8 (Line Drive, 8RM)
Bottom of the 2nd over - 0 run(s), 1 hit(s), 1 error(s), 2 left on base; Panama City 0 - Seattle 0
TOP OF THE 3RD
Panama City Piranhas batting - Pitching for Seattle Aviators : RHP Dustin Richmond
Batting: LHB Mike Benjamin 0-0: Called Strike
0-1: Ball
1-1: Ground out 3-1 (Groundball, 34)
Batting: RHB Cliff Dixon 0-0: SINGLE (Groundball, 56D)
Batting: LHB Francisco Sánchez 0-0: SINGLE (Line Drive, 4D)
Cliff Dixon to second
Batting: LHB Melvin Castro 0-0: Ball
1-0: Called Strike
1-1: Foul Ball, location: 2F
1-2: Ball
2-2: Foul Ball, location: 2F
2-2: Grounds into double play, 4-6-3 (Groundball, 4)
Top of the 3rd over - 0 run(s), 2 hit(s), 0 error(s), 1 left on base; Panama City 0 - Seattle 0
BOTTOM OF THE 3RD
Seattle Aviators batting - Pitching for Panama City Piranhas : LHP Mike Benjamin
Batting: SHB Ernest Miller 0-0: Ball
1-0: Ball
2-0: Foul Ball, location: 2F
2-1: Foul Ball, location: 2F
2-2: Ball
3-2: Base on Balls
Batting: LHB Frank Wentworth 0-0: Ball
1-0: Called Strike
1-1: Ball
Wild Pitch!
Ernest Miller to second
2-1: Fly out, F5 (Popup, 5S)
Batting: LHB Phil Parkinson 0-0: Called Strike
Ernest Miller steals 3rd base
0-1: Ball
1-1: Ground out 4-3 (Groundball, 34)
Ernest Miller scores
Batting: RHB Kenzaburo Hori 0-0: Ball
1-0: Foul Ball, location: 2F
1-1: Called Strike
1-2: Fly out, F8 (Flyball, 8RM)
Bottom of the 3rd over - 1 run(s), 0 hit(s), 0 error(s), 0 left on base; Panama City 0 - Seattle 1
TOP OF THE 4TH
Panama City Piranhas batting - Pitching for Seattle Aviators : RHP Dustin Richmond
Batting: SHB Marc Talamante 0-0: Fly out, F5 (Popup, 5SF)
Batting: RHB Jeff Bass 0-0: Called Strike
0-1: Called Strike
0-2: Ball
1-2: Strikes out swinging
Batting: LHB Arturo Guzmán 0-0: Called Strike
0-1: Ball
1-1: Ball
2-1: Ball
3-1: Swinging Strike
3-2: Strikes out swinging
Top of the 4th over - 0 run(s), 0 hit(s), 0 error(s), 0 left on base; Panama City 0 - Seattle 1
BOTTOM OF THE 4TH
Seattle Aviators batting - Pitching for Panama City Piranhas : LHP Mike Benjamin
Batting: LHB Ramón García 0-0: Swinging Strike
0-1: Called Strike
0-2: Ball
1-2: Ball
2-2: Fly out, F6 (Popup, 6D)
Batting: RHB Craig Stewart 0-0: Called Strike
0-1: Ball
1-1: Ball
2-1: SINGLE (Groundball, 4M)
Batting: RHB Dustin Richmond 0-0: Bunted foul
0-1: Reached on error, E3 (Groundball, 34S)
Craig Stewart to third
Batting: RHB Tanyu Kimura 0-0: Swinging Strike
0-1: Ball
Wild Pitch!
Craig Stewart scores
Dustin Richmond to third
1-1: Ground out 5-3 (Groundball, 56)
Dustin Richmond scores
Batting: RHB Brian Williams 0-0: Called Strike
0-1: Ground out 4-3 (Groundball, 4S)
Bottom of the 4th over - 2 run(s), 1 hit(s), 1 error(s), 0 left on base; Panama City 0 - Seattle 3
TOP OF THE 5TH
Panama City Piranhas batting - Pitching for Seattle Aviators : RHP Dustin Richmond
Batting: RHB Félix Rodríguez 0-0: Ground out 4-3 (Groundball, 4)
Batting: RHB Bertrand Sunter 0-0: Called Strike
0-1: Foul Ball, location: 2F
0-2: Ball
1-2: Strikes out swinging
Batting: LHB Mike Benjamin 0-0: Ball
1-0: Foul Ball, location: 2F
1-1: Ball
2-1: Ball
3-1: Called Strike
3-2: Foul Ball, location: 2F
3-2: Foul Ball, location: 2F
3-2: Foul Ball, location: 2F
3-2: Strikes out swinging
Top of the 5th over - 0 run(s), 0 hit(s), 0 error(s), 0 left on base; Panama City 0 - Seattle 3
BOTTOM OF THE 5TH
Seattle Aviators batting - Pitching for Panama City Piranhas : LHP Mike Benjamin
Batting: SHB Ernest Miller 0-0: Called Strike
0-1: DOUBLE (Line Drive, 7LM)
Batting: LHB Frank Wentworth 0-0: Ball
1-0: Called Strike
1-1: Ball
2-1: Foul Ball, location: 2F
2-2: Ball
3-2: Fly out, F8 (Flyball, 8LS)
Batting: LHB Phil Parkinson 0-0: Ball
1-0: Called Strike
1-1: SINGLE (Groundball, 6MS)
Ernest Miller to third
Runner from 3rd tries for Home, SAFE, throw made home
Phil Parkinson to second
Batting: RHB Kenzaburo Hori 0-0: Ball
1-0: Foul Ball, location: 2F
1-1: Ground out 4-3 (Groundball, 4)
Phil Parkinson to third
Batting: LHB Ramón García 0-0: Foul Ball, location: 2F
0-1: Swinging Strike
0-2: Ball
1-2: Strikes out swinging
Bottom of the 5th over - 1 run(s), 2 hit(s), 0 error(s), 1 left on base; Panama City 0 - Seattle 4
TOP OF THE 6TH
Panama City Piranhas batting - Pitching for Seattle Aviators : RHP Dustin Richmond
Batting: RHB Cliff Dixon 0-0: Ball
1-0: Foul Ball, location: 2F
1-1: Ball
2-1: Foul Ball, location: 2F
2-2: Foul Ball, location: 2F
2-2: DOUBLE (Line Drive, 5L)
Batting: LHB Francisco Sánchez 0-0: Ball
1-0: Ball
2-0: Called Strike
2-1: Ball
3-1: Base on Balls
Batting: LHB Melvin Castro 0-0: Ball
1-0: TRIPLE (Flyball, 8LXD)
Cliff Dixon scores
Francisco Sánchez scores
Batting: SHB Marc Talamante 0-0: Ball
1-0: Ball
2-0: Ball
3-0: Base on Balls
Batting: RHB Jeff Bass 0-0: Ball
1-0: Foul Ball, location: 2F
1-1: Foul Ball, location: 2F
1-2: Grounds into double play, U6-3 (Groundball, 6M)
Melvin Castro scores
Batting: LHB Arturo Guzmán 0-0: Foul Ball, location: 2F
0-1: Ball
1-1: Ball
2-1: Ball
3-1: Base on Balls
Batting: RHB Félix Rodríguez 0-0: Ball
1-0: Fly out, F9 (Flyball, 89M)
Top of the 6th over - 3 run(s), 2 hit(s), 0 error(s), 1 left on base; Panama City 3 - Seattle 4
BOTTOM OF THE 6TH
Seattle Aviators batting - Pitching for Panama City Piranhas : LHP Mike Benjamin
Batting: RHB Craig Stewart 0-0: Ball
1-0: Ground out 5-3 (Groundball, 56)
Pinch Hitting: RHB Vernon Caw 0-0: Called Strike
0-1: Ball
1-1: Ball
2-1: Ball
3-1: Foul Ball, location: 2F
3-2: Foul Ball, location: 2F
3-2: Base on Balls
Batting: RHB Tanyu Kimura 0-0: Called Strike
0-1: Foul Ball, location: 2F
0-2: Ball
1-2: Ball
2-2: Ball
3-2: Strikes out looking
Batting: RHB Brian Williams 0-0: Ball
1-0: Called Strike
1-1: SINGLE (Groundball, 4D) (infield hit)
Vernon Caw to second
Batting: SHB Ernest Miller 0-0: Ball
1-0: Called Strike
1-1: Swinging Strike
1-2: Fly out, F8 (Flyball, 8LM)
Bottom of the 6th over - 0 run(s), 1 hit(s), 0 error(s), 2 left on base; Panama City 3 - Seattle 4
TOP OF THE 7TH
Panama City Piranhas batting - Pitching for Seattle Aviators : RHP Dustin Richmond
Pitching: RHP Esteban García
Batting: RHB Bertrand Sunter 0-0: Called Strike
0-1: Swinging Strike
0-2: Foul Ball, location: 2F
0-2: Ball
1-2: Strikes out swinging
Pinch Hitting: RHB Hal Romaine 0-0: SINGLE (Flyball, 8LS)
Batting: RHB Cliff Dixon 0-0: Fly out, F4 (Popup, 4D)
Batting: LHB Francisco Sánchez 0-0: Ball
1-0: Ball
2-0: Called Strike
2-1: Foul Ball, location: 2F
2-2: Ball
3-2: SINGLE (Groundball, 34)
Hal Romaine to second
Hal Romaine to third
Batting: LHB Melvin Castro 0-0: Called Strike
0-1: Ball
1-1: Ball
2-1: Called Strike
2-2: Foul Ball, location: 2F
Pickoff Throw to First - Out!
Top of the 7th over - 0 run(s), 2 hit(s), 0 error(s), 0 left on base; Panama City 3 - Seattle 4
BOTTOM OF THE 7TH
Seattle Aviators batting - Pitching for Panama City Piranhas : LHP Mike Benjamin
Pitching: RHP Lester Craft
Batting: LHB Frank Wentworth 0-0: Called Strike
0-1: Foul Ball, location: 2F
0-2: Ball
1-2: Ball
2-2: Foul Ball, location: 2F
2-2: Foul Ball, location: 2F
2-2: SINGLE (Groundball, 15S) (infield hit)
Pinch Runner at 1st Clarence Fox:
Batting: LHB Phil Parkinson 0-0: Fly out, F9 (Flyball, 9M)
Pinch Hitting: RHB José Lozano 0-0: Ball
1-0: Fly out, F4 (Popup, 3D)
Batting: LHB Ramón García 0-0: Ball
1-0: Fly out, F8 (Flyball, 8RM)
Bottom of the 7th over - 0 run(s), 1 hit(s), 0 error(s), 1 left on base; Panama City 3 - Seattle 4
TOP OF THE 8TH
Panama City Piranhas batting - Pitching for Seattle Aviators : RHP Esteban García
Pitching: RHP Larry Lee
Now at 2B: José Lozano
Now at 3B: Clarence Fox
Now in CF: Lindsay Stewart
Batting: LHB Melvin Castro 0-0: Called Strike
0-1: Ball
1-1: Ball
2-1: Ball
3-1: Base on Balls
Pitching: LHP Josh Cox
Batting: SHB Marc Talamante 0-0: Called Strike
0-1: Foul Ball, location: 2F
0-2: Grounds into double play, 6-4-3 (Groundball, 6)
Pitching: RHP Lanny Larson
Batting: RHB Jeff Bass 0-0: Called Strike
0-1: Ball
1-1: Foul Ball, location: 2F
1-2: Foul Ball, location: 2F
1-2: Strikes out looking
Top of the 8th over - 0 run(s), 0 hit(s), 0 error(s), 0 left on base; Panama City 3 - Seattle 4
BOTTOM OF THE 8TH
Seattle Aviators batting - Pitching for Panama City Piranhas : RHP Lester Craft
Batting: RHB Craig Stewart 0-0: Foul Ball, location: 2F
0-1: Fly out, F2 (Popup, 2LF)
Batting: RHB Lindsay Stewart 0-0: Called Strike
0-1: Ball
1-1: Swinging Strike
1-2: Ball
2-2: Foul Ball, location: 2F
2-2: Ground out 5-3 (Groundball, 5)
Batting: RHB Tanyu Kimura 0-0: Called Strike
0-1: Called Strike
0-2: Ball
1-2: Ball
2-2: DOUBLE (Groundball, 5L)
Batting: RHB Brian Williams 0-0: Called Strike
0-1: Fly out, F7 (Flyball, 78M)
Bottom of the 8th over - 0 run(s), 1 hit(s), 0 error(s), 1 left on base; Panama City 3 - Seattle 4
TOP OF THE 9TH
Panama City Piranhas batting - Pitching for Seattle Aviators : RHP Lanny Larson
Pitching: RHP Bill Schneider
Batting: LHB Arturo Guzmán 0-0: Called Strike
0-1: Ball
1-1: Ball
2-1: Ground out 4-3 (Groundball, 4M)
Batting: RHB Félix Rodríguez 0-0: Ball
1-0: Called Strike
1-1: Fly out, F9 (Flyball, 89S)
Batting: RHB Bertrand Sunter 0-0: Foul Ball, location: 2F
0-1: Ball
1-1: Ball
2-1: Foul Ball, location: 2F
2-2: Strikes out looking
Top of the 9th over - 0 run(s), 0 hit(s), 0 error(s), 0 left on base; Panama City 3 - Seattle 4
This league is powered by Out of the Park Baseball, the baseball management simulation game for PC, Mac and Linux
Friday, October 23rd, 2015 - OOTP Baseball 16.9 Build 39